 Dungeon Crawl Stone Soup version 0.29-a0-344-ge2f44be95a (webtiles) character file.

Game seed: 15252129349638804921

459 spaghetti the Ducker (level 6, 7/52 HPs)
             Began as a Deep Dwarf Transmuter on Apr 22, 2022.
             Quit the game on level 4 of the Dungeon.
             The game lasted 00:09:40 (3724 turns).

spaghetti the Ducker (Deep Dwarf Transmuter)        Turns: 3724, Time: 00:09:40

Health: 7/52       AC:  2    Str: 14    XL:     6   Next: 78%
Magic:  8/8        EV: 13    Int: 15    God:
Gold:   85         SH:  0    Dex: 13    Spells: 4/10 levels left

rFire   . . .      SeeInvis .   h - +0 spear {polearm}
rCold   . . .      Faith    .   (no shield)
rNeg    + . .      Spirit   .   a - +0 robe
rPois   .          Reflect  .   (no helmet)
rElec   .          Harm     .   (no cloak)
rCorr   .          Rampage  .   (no gloves)
Will    .....      Rage     1%  (no boots)
Stlth   +.........              (no amulet)
HPRegen 0.00/turn               t - ring of positive energy
MPRegen 0.11/turn               (no ring)

@: lit by a corona, wereblooded (expiring), glowing
A: damage resistance, heal wounds, sense surroundings 1, no regeneration,
berserk 1, high MP 1
a: Heal Wounds


You were on level 4 of the Dungeon.
You visited 2 branches of the dungeon, and saw 5 of its levels.

You collected 85 gold pieces.


Innate Abilities, Weirdness & Mutations

You are resistant to damage.
You can heal yourself by infusing magical energy.
You passively map a small area around you.
You do not regenerate.
You tend to lose your temper in combat.
You have an increased reservoir of magic. (+10% MP)


   Skills:
 + Level 2.2 Fighting
 + Level 1.1 Throwing
 + Level 1.9 Armour
 * Level 4.2 Dodging
 * Level 3.6 Stealth
 + Level 3.4 Unarmed Combat
 + Level 2.5 Spellcasting
 + Level 2.7 Transmutations


You had 4 spell levels left.
You knew the following spells:

 Your Spells              Type           Power      Damage    Failure   Level
a - Beastly Appendage     Tmut           20%        N/A       7%          1
b - Wereblood             Tmut           10%        N/A       10%         2
c - Spider Form           Tmut/Pois      6%         N/A       34%         3

Your spell library contained the following spells:

 Spells                   Type           Power      Damage    Failure   Level
 Ice Form                 Ice/Tmut       6%         N/A       75%         4

Inventory:

Hand Weapons
 d - a +0 dagger {short}
   (You found it on level 1 of the Dungeon)
 h - a +0 spear (weapon) {polearm}
   (You took it off a gnoll on level 1 of the Dungeon)
 i - a +0 dagger {short}
   (You took it off a kobold on level 1 of the Dungeon)
 j - a +0 falchion {long}
   (You found it on level 1 of the Dungeon)
 m - a +0 whip {mace}
   (You found it on level 2 of the Dungeon)
Missiles
 b - 4 silver javelins {throwing}
 e - 42 stones (quivered) {throwing}
 o - 4 poisoned darts {throwing}
 w - 6 boomerangs {throwing}
Armour
 a - a +0 robe (worn)
 q - a +0 plate armour
   (You found it on level 2 of the Dungeon)
Jewellery
 t - a ring of positive energy (left hand)
   (You found it on level 2 of the Dungeon)
Scrolls
 c - a scroll of immolation {unknown}
 f - 4 scrolls of enchant armour {unknown}
 g - 3 scrolls of noise {unknown}
 l - 5 scrolls of identify {unknown}
 p - a scroll of teleportation {unknown}
 s - a scroll of vulnerability {unknown}
 v - a scroll of amnesia {unknown}
Potions
 u - a potion of invisibility

Dungeon Overview and Level Annotations

Branches:
Dungeon (4/15)             Temple (1/1) D:4

Altars:
Ashenzari
Dithmenos
Elyvilon
Fedhas
Hepliaklqana
Kikubaaqudgha
Nemelex Xobeh
Qazlal
Ru
Sif Muna
Trog
Wu Jian
Yredelemnul
The Shining One
Ignis

#....# #.##.# #.##.# *
#.##.# , * #######.##.#
* #.....#.)#.# *
#.....##.#.#############
#....g##)#..............
+....gg@................
#.....########......#...
*
#...................#...
#......######.......#...
, #..... #.......###.
+....g #........... ,,,
#....., #.#+#+#..#..
#..... ** * #.#.#....#..
, , #.#.....###.


You could see 3 gnolls.


Message History

The gnoll shaman mumbles some strange prayers to its god against you.
You easily resist. 😱 HP[-1]
You take 1 damage, and now have 5/52 hp.
Okay, then.
You feel much better.
The gnoll hits you from afar with a +0 spear.
The gnoll shaman barely misses you. 😮 HP[+23] MP[+1]
You regained 23 hp, and now have 28/52 hp.
The gnoll shaman attacks as you move away!
The gnoll shaman barely misses you.
You see here a +0 spear {polearm}.
Unknown command.
Reach: h) +0 spear {polearm}
Press: ? - help, Dir - move target, f - gnoll shaman
Aim: a gnoll shaman, wielding a +0 club and wearing a +0 leather armour (severely wounded, about 36% to evade your +0 spear)
Okay, then.
The gnoll shouts!
You hit the gnoll shaman but do no damage.
The gnoll shaman invokes the aid of its god against you.
You easily resist.
You hit the gnoll shaman but do no damage.
The gnoll barely misses you. x2
The gnoll shaman hits you with a +0 club!
* * * LOW HITPOINT WARNING * * *
😨 HP[-9]
You take 9 damage, and now have 19/52 hp.
You barely miss the gnoll shaman.
The gnoll hits you from afar with a +0 spear.
* * * LOW HITPOINT WARNING * * *
The gnoll shaman hits you with a +0 club!
* * * LOW HITPOINT WARNING * * *
The gnoll hits you from afar with a +0 spear. 😱 HP[-7]
You take 7 damage, and now have 12/52 hp.
Okay, then.
You fail to use your ability.
The gnoll misses you. The gnoll shaman barely misses you.
Unknown command.
Your magical essence is drained by the effort!
You feel much better.
The gnoll hits you from afar with a +0 spear!
The gnoll shaman completely misses you. The gnoll closely misses you. 😮 HP[+20]
You regained 20 hp, and now have 32/52 hp.
You hit the gnoll shaman.
The gnoll hits you from afar with a +0 spear.
The gnoll shaman mumbles some strange prayers to its god against you.
You are outlined in light.
You barely miss the gnoll shaman. Your punch misses the gnoll shaman.
The gnoll closely misses you. The gnoll shaman misses you.
The gnoll hits you from afar with a +0 spear. 😮 HP[-1]
You take 1 damage, and now have 31/52 hp.
You hit the gnoll shaman but do no damage.
The gnoll hits you from afar with a +0 spear.
The gnoll shaman barely misses you. The gnoll closely misses you. 😮 HP[-1]
You take 1 damage, and now have 30/52 hp.
You hit the gnoll shaman.
The gnoll shaman hits you with a +0 club.
* * * LOW HITPOINT WARNING * * *
The gnoll hits you from afar with a +0 spear.
* * * LOW HITPOINT WARNING * * *
😨 HP[-6]
You take 6 damage, and now have 24/52 hp.
You hit the gnoll shaman.
You feel a bit better.
You kill the gnoll shaman!
The gnoll hits you from afar with a +0 spear.
* * * LOW HITPOINT WARNING * * *
The gnoll hits you but does no damage. The gnoll closely misses you.
Things that are here:
a +0 club {mace}; a +0 leather armour You barely miss the gnoll.
Your primal bloodlust is almost over.
The gnoll barely misses you. The gnoll hits you with a +0 spear!
* * * LOW HITPOINT WARNING * * *
😨 HP[-6]
You take 6 damage, and now have 18/52 hp.
You hit the gnoll. You punch the gnoll. The gnoll hits you with a +0 spear.
* * * LOW HITPOINT WARNING * * *
The gnoll hits you with a +0 spear.
* * * LOW HITPOINT WARNING * * *
😨 HP[-4]
You take 4 damage, and now have 14/52 hp.
You hit the gnoll but do no damage. The gnoll completely misses you.
You barely miss the gnoll. The gnoll hits you with a +0 spear.
* * * LOW HITPOINT WARNING * * *
The gnoll hits you with a +0 spear.
* * * LOW HITPOINT WARNING * * *
😱 HP[-5]
You take 5 damage, and now have 9/52 hp.
You closely miss the gnoll. The gnoll barely misses you.
The gnoll hits you with a +0 spear.
* * * LOW HITPOINT WARNING * * *
😱 HP[-2]
You take 2 damage, and now have 7/52 hp.
Are you sure you want to abandon this character and quit the game? (Confirm with "yes".)

Skill      XL: |  1  2  3  4  5  6 |
---------------+-------------------+-----
Fighting       | 1 2 |  2.2
Transmutations | 2 |  2.7
Spellcasting   | 2 |  2.5
Stealth        | 1 2 3 |  3.6
Unarmed Combat | 3 |  3.4
Dodging        | 3 4 |  4.2
Armour         | 1 |  1.9
Throwing       | 1 |  1.1

Action                   |  1- 3 |  4- 6 || total
-------------------------+-------+-------++-------
Melee: Unarmed           |    68 |       ||    68
       Kick              |     9 |    28 ||    37
       Headbutt          |     7 |    20 ||    27
       Dagger            |    15 |       ||    15
       Spear             |    14 |   215 ||   229
       Punch             |       |     5 ||     5
Throw: Stone             |       |    14 ||    14
       Javelin           |       |     1 ||     1
 Cast: Beastly Appendage |    12 |    23 ||    35
       Wereblood         |     5 |    25 ||    30
 Abil: Heal Wounds       |       |     5 ||     5
  Use: Potion            |     5 |     5 ||    10
 Stab: Sleeping          |       |     1 ||     1
       Invisible         |       |     2 ||     2
Armor: Robe              |    10 |    24 ||    34
       Skin              |    36 |       ||    36
Dodge: Dodged            |    44 |   176 ||   220

Levels and vault maps discovered:
D:1:      dpeg_arrival_another_circle, layout_loops_ring,
          shapermc_ecumenical_altar_mp_vishouse, dk_noncrumbling_3
D:2:      layout_loops_cross, basic_altar, kennysheep_minor_cross,
          minmay_crystal_room, minmay_misc_feat_cross, dk_noncrumbling_4
D:3:      layout_basic, mainiacjoe_overflow_concentric_impassable,
          minmay_misc_feat_square, kennysheep_pointless_box
D:4:      layout_basic, mainiacjoe_overflow_boulevard, minmay_temple_entry_tees
Temple:   ebering_untended_altars

Notes
Turn   | Place    | Note
-------+----------+-------------------------------------------
     0 | D:1      | spaghetti the Deep Dwarf Transmuter began the quest for the
                  | Orb.
     0 | D:1      | Reached XP level 1. HP: 16/16 MP: 3/3
     0 | D:1      | magus.rc [v1.9.6]
    92 | D:1      | Reached skill level 1 in Fighting
   160 | D:1      | Gained mutation: You tend to lose your temper in combat.
                  | [potion of mutation]
   160 | D:1      | Gained mutation: You have an increased reservoir of magic.
                  | (+10% MP) [potion of mutation]
   313 | D:1      | Reached XP level 2. HP: 16/25 MP: 5/5
   530 | D:1      | Reached skill level 2 in Transmutations
   533 | D:1      | Learned a level 2 spell: Wereblood
   575 | D:1      | Found a faded altar of an unknown god.
   822 | D:1      | Reached skill level 2 in Spellcasting
   822 | D:1      | Reached XP level 3. HP: 26/31 MP: 2/6
   943 | D:1      | Learned a level 3 spell: Spider Form
  1166 | D:2      | Reached skill level 1 in Stealth
  1168 | D:2      | Reached skill level 3 in Unarmed Combat
  1189 | D:2      | Reached XP level 4. HP: 33/38 MP: 7/7
  1313 | D:2      | Reached skill level 3 in Dodging
  1505 | D:2      | Found a sacrificial altar of Ru.
  2087 | D:3      | Found a glowing golden altar of the Shining One.
  2197 | D:3      | Reached skill level 1 in Armour
  2581 | D:3      | Reached skill level 2 in Stealth
  3066 | D:4      | Reached XP level 5. HP: 39/45 MP: 5/9
  3097 | D:4      | Found a basalt altar of Yredelemnul.
  3235 | D:4      | Found a staircase to the Ecumenical Temple.
  3270 | Temple   | Entered the Ecumenical Temple
  3430 | D:4      | Noticed a black bear
  3439 | D:4      | Killed a black bear
  3440 | D:4      | Reached skill level 2 in Fighting
  3440 | D:4      | Reached skill level 3 in Stealth
  3440 | D:4      | Reached XP level 6. HP: 29/52 MP: 7/10
  3500 | D:4      | Reached skill level 1 in Throwing
  3500 | D:4      | Reached skill level 4 in Dodging
  3638 | D:4      | HP: 12/52 [gnoll shaman/+0 club (2)]
  3649 | D:4      | HP: 18/78 [gnoll/+0 spear (4)]
  3682 | D:4      | HP: 9/52 [gnoll/+0 spear (5)]
  3704 | D:4      | HP: 9/52 [gnoll shaman/+0 club (5)]
  3710 | D:4      | HP: 12/52 [gnoll shaman/+0 club (6)]
  3722 | D:4      | HP: 11/52 [gnoll/+0 spear (3)]
  3724 | D:4      | Quit the game

Vanquished Creatures
  A black bear (D:4)
  A necrophage (D:4)
  A hound (D:4)
  A gnoll shaman (D:4)
  An orc priest (D:4)
  An orc wizard (D:3)
  10 gnolls
  3 adders
  11 orcs
  5 ball pythons
  3 bats
  2 endoplasms (D:1)
  4 giant cockroaches
  3 goblins
  9 hobgoblins
  4 quokkas
  4 frilled lizards
  3 kobolds
  7 rats
74 creatures vanquished.

Table legend:
 A = Non-vault XP
 B = Vault XP
 C = Vault XP percentage of total XP
 D = Non-vault monster count
 E = Vault monster count
 F = Vault count percentage of total count
                 A         B        C        D         E       F
            +---------+---------+-------+---------+---------+-------
      Total |     657 |       0 |   0.0 |      74 |       0 |   0.0
            +---------+---------+-------+---------+---------+-------
        D:1 |      44 |       0 |   0.0 |      20 |       0 |   0.0
        D:2 |      75 |       0 |   0.0 |      15 |       0 |   0.0
        D:3 |      72 |       0 |   0.0 |      14 |       0 |   0.0
        D:4 |     466 |       0 |   0.0 |      25 |       0 |   0.0
            +---------+---------+-------+---------+---------+-------

Illustrated notes

Table legend:
 A = Kills in this place as a percentage of kills in entire the game.
 B = Kills by you in this place as a percentage of kills by you in the entire game.
 C = Kills by friends in this place as a percentage of kills by friends in the entire game.
 D = Other kills in this place as a percentage of other kills in the entire game.
 E = Experience gained in this place as a percentage of experience gained in the entire game.
 F = Experience gained in this place divided by the number of levels of this place that you have seen.
                   A       B       C       D       E      F
               +-------+-------+-------+-------+-------+----------------------
         Total | 100.0 | 100.0 |   N/A |   N/A | 100.0 | 131.4
       Dungeon | 100.0 | 100.0 |   N/A |   N/A | 100.0 | 164.2
               +-------+-------+-------+-------+-------+----------------------

Table legend: (Time is in decaauts)
 A = Elapsed time spent in this place.
 B = Non-inter-level travel time spent in this place.
 C = Inter-level travel time spent in this place.
 D = Time resting spent in this place.
 E = Time spent auto-exploring this place.
 F = Levels seen in this place.
 G = Mean time per level.
                   A        B        C        D        E       F      G
               +--------+--------+--------+--------+--------+-----+--------+
         Total |   3766 |   3660 |    106 |    198 |   2705 |   5 |  753.2 |
       Dungeon |   3683 |   3581 |    102 |    198 |   2661 |   4 |  920.8 |
        Temple |     82 |     78 |      4 |      0 |     44 |   1 |   82.0 |
               +--------+--------+--------+--------+--------+-----+--------+

Top non-repeatable levels by time:
     D:2: 1112 daAuts
     D:1: 973 daAuts
     D:3: 908 daAuts
     D:4: 690 daAuts
  Temple: 82 daAuts
